 Dungeon Crawl Stone Soup version 0.28.0-53-g5a82cb258f (webtiles) character file.

Game seed: 9586231762097821046

268886 mortz the Sorcerer (level 21, -2/113 HPs)
             Began as a Djinni Conjurer on Aug 22, 2022.
             Was the Champion of Hepliaklqana.
             Engulfed by a cloud of freezing vapour (18 damage)
             ... on level 1 of the Vaults on Aug 23, 2022.
             The game lasted 06:23:38 (33113 turns).

mortz the Sorcerer (Djinni Conjurer)               Turns: 33113, Time: 06:23:39

Health: -2/113     AC: 27    Str: 13    XL:     21   Next: 1%
Gold:   1653       EV: 17    Int: 29    God:    Hepliaklqana [******] SH: 11 Dex: 14

rFire   + + .      SeeInvis +   a - staff of conjuration {!a@e2staff}
rCold   . . .      Faith    .   C - +1 kite shield {AC+3}
rNeg    . . .      Spirit   .   H - +2 ring mail "Tiazxal" {Regen+}
rPois   ∞          Reflect  .   M - +2 helmet {SInv}
rElec   .          Harm     .   X - +2 cloak
rCorr   .          Rampage  .   x - +2 pair of gloves
Will    ++...                   (boots unavailable)
Stlth   +++.......              c - amulet of regeneration {@e2}
HPRegen 1.88/turn               e - +4 ring of protection
MPRegen 0.00/turn               B - ring of Utwiv {rC+ EV+4 Str+5 Int+2 SInv}

@: flying
A: reduced essence, sickness immunity, fire resistance 2, cold vulnerability 1,
float, innate caster, HP casting, extra vitality 1
}: 2/15 runes: serpentine, barnacled
a: Renounce Religion, Recall Ancestor, Ancestor Identity, Transference, Idealise


You were on level 1 of the Vaults.
You worshipped Hepliaklqana.
Hepliaklqana was exalted by your worship.
You visited 7 branches of the dungeon, and saw 33 of its levels.
You visited 1 bazaar.
You also visited: Ossuary and Gauntlet.

You collected 3433 gold pieces.
You spent 1780 gold pieces at shops.


Innate Abilities, Weirdness & Mutations

Your life essence is reduced to manifest your ancestor. (-10% HP)
You are immune to sickness and miasma.
You are immune to poison.
Your flesh is very heat resistant. (rF++)
You are vulnerable to cold. (rC-)
You float through the air rather than walking.
You learn spells naturally, not from books.
Your magical power is your life essence.
You have superior vitality. (+4 MHP)


   Skills:
 + Level 4.6 Fighting
 + Level 1.0 Short Blades
 + Level 11.5 Armour
 + Level 9.0 Dodging
 + Level 6.5 Stealth
 + Level 7.5 Shields
 + Level 0.9 Unarmed Combat
 + Level 23.1 Spellcasting
 + Level 9.1 Invocations
 + Level 1.3 Evocations


You had 5 spell levels left.
You knew the following spells:

 Your Spells              Type           Power      Damage    Failure   Level
a - Magic Dart            Conj           100%       1d8       0%          1
b - Searing Ray           Conj           100%       2d8       0%          2
c - Iskenderun's Mystic   Conj/Tloc      100%       2d19      0%          4
d - Fulminant Prism       Conj/Hex       64%        3d27      0%          4
e - Dazzling Flash        Conj/Hex       100%       N/A       0%          3
f - Freezing Cloud        Conj/Ice/Air   64%        6-21      0%          5
g - Blink                 Tloc           100%       N/A       0%          2
h - Lesser Beckoning      Tloc           100%       N/A       0%          3
i - Iron Shot             Conj/Erth      64%        9d12      1%          6
j - Summon Forest         Summ/Tloc      53%        N/A       0%          5
k - Shock                 Conj/Air       100%       1d9       0%          1
l - Summon Lightning Spi  Summ/Air       100%       N/A       0%          4
m - Simulacrum            Ice/Necr       53%        N/A       1%          6
n - Dragon Form           Tmut           53%        N/A       1%          7
o - Ignition              Fire           53%        3d15      2%          8
Your spell library was empty.

Inventory:

Hand Weapons
 b - a +4 dagger of venom {short}
   (You found it on level 3 of the Dungeon)
 u - the +7 fustibalus of Dawn {vorpal, rElec rF++ rC+ Str-3, sling}
   (You found it in a Gauntlet)

   Any ammunition fired from it inflicts extra damage upon your enemies.
   Str:       It affects your strength (-3).
   rF:        It greatly protects you from fire.
   rC:        It protects you from cold.
   rElec:     It insulates you from electricity.
Armour
 l - the +5 ring mail of Pathos {+Inv rPois Str+3}
   (You found it on level 6 of the Dungeon)

   Str:       It affects your strength (+3).
   rPois:     It protects you from poison.
   +Inv:      It lets you turn invisible.
 x - a +2 pair of gloves (worn)
   (You found it on level 4 of the Dungeon)
 C - a +1 kite shield of protection (worn)
   (You took it off a naga warrior on level 4 of the Snake Pit)
 H - the +2 ring mail "Tiazxal" (worn) {Regen+}
   (You found it on level 1 of the Shoals)

   Regen:     It increases your rate of health regeneration.
 M - a +2 helmet of see invisible (worn)
   (You bought it in a shop on level 2 of the Orcish Mines)
 X - a +2 cloak (worn)
   (You took it off Crazy Yiuf on level 7 of the Dungeon)
Magical Staves
 a - a staff of conjuration (weapon) {!a@e2staff}
   (You found it on level 3 of the Lair of Beasts)
 N - a staff of conjuration {!a@e2staff}
   (You found it on level 2 of the Shoals)
Jewellery
 c - an amulet of regeneration (around neck) {@e2}
   (You found it on level 1 of the Dungeon)
 e - a +4 ring of protection (left hand)
   (You found it on level 3 of the Dungeon)
 i - a +4 ring of protection
   (You found it on level 7 of the Dungeon)
 B - the ring of Utwiv (right hand) {rC+ EV+4 Str+5 Int+2 SInv}
   (You bought it in a shop on level 1 of the Snake Pit)

   [ring of evasion]

   EV:        It affects your evasion (+4).
   Str:       It affects your strength (+5).
   Int:       It affects your intelligence (+2).
   rC:        It protects you from cold.
   SInv:      It lets you see invisible.
 J - a ring of resist corrosion
   (You found it on level 12 of the Dungeon)
 W - the ring "Sumet" {Will++ rCorr Str+3}
   (You found it in a Gauntlet)

   [ring of resist corrosion]

   Str:       It affects your strength (+3).
   rCorr:     It protects you from acid and corrosion.
   Will:      It greatly increases your willpower.
 Y - a ring of protection from cold
   (You found it on level 10 of the Dungeon)
Wands
 h - a wand of paralysis (10)
   (You found it on level 4 of the Lair of Beasts)
 m - a wand of acid (41)
   (You found it on level 3 of the Dungeon)
 q - a wand of charming (5)
   (You found it on level 2 of the Snake Pit)
 y - a wand of flame (48)
   (You found it on level 5 of the Dungeon)
 K - a wand of iceblast (29)
   (You found it on level 8 of the Dungeon)
 P - a wand of polymorph (7)
   (You found it on level 8 of the Dungeon)
 Q - a wand of mindburst (31)
   (You found it on level 8 of the Dungeon)
 V - a wand of digging (13)
   (You took it off Erica on level 10 of the Dungeon)
Scrolls
 d - 6 scrolls of enchant weapon
 n - 2 scrolls of summoning
 o - 2 scrolls of immolation {!r!r}
 v - 3 scrolls of magic mapping {!r}
 A - 2 scrolls of blinking {!r}
 I - 3 scrolls of fear
 L - 2 scrolls of fog
 O - a scroll of identify {@r1}
 S - 20 scrolls of teleportation {@r4}
 T - a scroll of holy word
 U - 3 scrolls of brand weapon
Potions
 g - 4 potions of resistance
 j - 19 potions of curing {@q1}
 k - 5 potions of haste {@q3}
 r - 3 potions of cancellation
 s - 3 potions of heal wounds {@q2}
 w - 8 potions of might
 z - 2 potions of lignification {!q}
 D - 5 potions of mutation {!q}
 E - 11 potions of brilliance
 F - 7 potions of attraction {!q}
 G - 3 potions of invisibility
 R - 2 potions of ambrosia
Miscellaneous
 f - a phantom mirror
   (You found it on level 4 of the Shoals)
 p - a condenser vane
   (You found it on level 6 of the Lair of Beasts)
 t - a box of beasts
   (You found it on level 4 of the Lair of Beasts)
 Z - a lightning rod (4/4)
   (You found it on level 1 of the Snake Pit)

Dungeon Overview and Level Annotations

Branches:
Dungeon (15/15)            Temple (1/1) D:5            Lair (6/6) D:8
 Shoals (4/4) Lair:2        Snake (4/4) Lair:4        Slime (0/5) Lair:5
    Orc (2/2) D:11            Elf (0/3) Orc:2        Vaults (1/5) D:13
 Depths (0/4) D:15        Ossuary (visited)         Gauntlet (visited)

Altars:
Ashenzari
Cheibriados
Dithmenos
Elyvilon
Fedhas
Gozag
Hepliaklqana
Kikubaaqudgha
Makhleb
Nemelex Xobeh
Okawaru
Qazlal
Ru
Sif Muna
Trog
Uskayaw
Vehumet
Wu Jian
Xom
Yredelemnul
Zin
The Shining One
Beogh
Jiyva

Shops:
D:5 =   Orc:1 [   Orc:2 *[(=?   Snake:1 (=:=   Snake:3 :

Annotations:
D:15 1 runed translucent door
Lair:2 1 runed translucent door, Muskoefi's ghost, journeyman HOMo
Lair:6 2 transporters, exclusion: ice statue, Whoops's ghost, adept FoFi
Shoals:1 3 runed translucent doors, turdburglar's ghost, journeyman MfGl

.....#..#########
.....#..# .....#..#
#÷###########
#÷..........###### ##
#...........'))..#§.#
#...........#)..##§§##
#...##.##...###'#...§#+#
#####...#####...@.†.§...
#...........#§R§§...§...
#...........###'#§§§.#+#
#####...##### )) #§§##
#...##.##...#.). §§#
#...........#### +##
#...........#
#......>.(..#
#############


You could see the friendly glurtz the knight.


Message History

Aiming: Freezing Cloud (safe; 0% risk of failure)
Press: ? - help, Dir - move target You feel a surge of power!
The purple ugly thing kicks you.
The green ugly thing is engulfed in freezing vapours.
The purple ugly thing is engulfed in freezing vapours. 😕 HP[-7]
You take 7 damage, and now have 98/108 hp.
Casting: Freezing Cloud (safe; 0% risk of failure)
Confirm with . or Enter, or press ? or * to list all spells.
You feel a surge of power!
You erupt in a blast of force!
The mystic blast hits the purple ugly thing!!
The purple ugly thing is knocked back by the mystic blast.
The purple ugly thing slams into the stone wall!
Glurtz avoids your attack.
The mystic blast hits the purple ugly thing!!
The purple ugly thing is knocked back by the mystic blast.
The purple ugly thing slams into the stone wall!
The mystic blast hits the green ugly thing!!
The green ugly thing is knocked back by the mystic blast.
You hear a shout!
A centaur warrior opens the door. 2 centaur warriors come into view. 😕 HP[-2]
You take 2 damage, and now have 96/108 hp.
Casting: Iskenderun's Mystic Blast (safe; 0% risk of failure)
Confirm with . or Enter, or press ? or * to list all spells.
Aiming: Freezing Cloud (safe; 0% risk of failure)
Press: ? - help, Dir - move target You feel a surge of power!
That beam is likely to hit you.
Continue anyway?
Uppercase [Y]es or [N]o only, please.
That beam is likely to hit you.
Continue anyway?
You are engulfed in freezing vapours.
The purple ugly thing is engulfed in freezing vapours.
The purple ugly thing misses you.
Glurtz hits the purple ugly thing with a +0 broad axe of flaming!!
Glurtz burns the purple ugly thing.
The purple ugly thing dies!
The centaur warrior is engulfed in freezing vapours.
The centaur warrior wields a +0 shortbow.
The centaur warrior shoots an arrow.
The arrow misses you.
The purple ugly thing is engulfed in freezing vapours.
You kill the purple ugly thing!
The centaur warrior is engulfed in freezing vapours.
The centaur warrior wields a +0 shortbow.
The centaur warrior shoots an arrow.
The arrow hits you!
The green ugly thing is engulfed in freezing vapours.
The centaur warrior moves out of view.
Your Dodging skill increases to level 9!
You have reached level 21!
Your experience leads to an increase in your attributes!
Your base attributes are Str 8, Int 25, Dex 14.
Increase (S)trength, (I)ntelligence, or (D)exterity?
You feel clever. x2
The power to cast Ignition wells up from within.
Spell assigned to 'o'.
Glurtz remembers more of her old skill. 😮 HP[-27]
You now have 113 max hp (+5).
You take 27 damage, and now have 69/113 hp.
MASSIVE DAMAGE!! (PAUSE) Unknown command.
Casting: Freezing Cloud (safe; 0% risk of failure)
Confirm with . or Enter, or press ? or * to list all spells.
Casting: Ignition (dangerous; 2% risk of failure)
Press: ? - help, Dir - look around, f - activate The air bursts into flame!
The fireball engulfs the green ugly thing!
You kill the green ugly thing!
You hear a sizzling sound!
The fireball engulfs the centaur warrior!!
You hear a sizzling sound!
The fireball engulfs the centaur warrior!
You hear a sizzling sound! x8
The fireball engulfs the centaur warrior!!
You hear a sizzling sound!
The fireball engulfs the centaur warrior!!
You are engulfed in freezing vapours.
* * * LOW HITPOINT WARNING * * *
The centaur warrior shoots an arrow.
The arrow completely misses you.
The centaur warrior shoots an arrow.
The arrow hits you!
* * * LOW HITPOINT WARNING * * *
The centaur warrior shoots an arrow.
The arrow hits you.
* * * LOW HITPOINT WARNING * * *
😱 HP[-45]
You take 45 damage, and now have 24/113 hp.
MASSIVE DAMAGE!! (PAUSE)
Casting: Ignition (dangerous; 2% risk of failure)
Confirm with . or Enter, or press ? or * to list all spells.
Casting: Ignition (dangerous; 2% risk of failure)
Press: ? - help, Dir - look around, f - activate The air bursts into flame!
The fireball engulfs the centaur warrior!
You kill the centaur warrior!
The fireball engulfs the centaur warrior!! x2
You kill the centaur warrior!
The fireball engulfs the centaur warrior!!
You kill the centaur warrior!
* * * LOW HITPOINT WARNING * * *
You are engulfed in freezing vapours.
You die...

Skill      XL: |  1  2  3  4  5  6  7  8  9 10 11 12 13 14 15 16 17 18 19 20 |
---------------+-------------------------------------------------------------+-----
Spellcasting   | 4 5 6 8 9 11 12 14 15 16 18 19 20 22 23 | 23.1
Stealth        | 2 3 4 5 6 |  6.5
Dodging        | 3 4 5 6 7 8 9 |  9.0
Armour         | 1 2 4 6 7 9 10 11 | 11.5
Fighting       | 1 2 3 4 |  4.6
Short Blades   | 1 |  1.0
Shields        | 1 2 3 4 5 6 7 |  7.5
Invocations    | 2 5 7 8 9 |  9.1
Evocations     | 1 |  1.3
Unarmed Combat | |  0.9

Action                   |  1- 3 |  4- 6 |  7- 9 | 10-12 | 13-15 | 16-18 | 19-21 || total
-------------------------+-------+-------+-------+-------+-------+-------+-------++-------
Melee: Dagger            |     2 |       |     2 |     6 |     2 |     1 |    10 ||    23
       Punch             |       |       |     1 |       |       |       |     1 ||     2
       Unarmed           |       |       |       |       |       |       |    10 ||    10
       Bite              |       |       |       |       |       |       |     2 ||     2
       Tailslap          |       |       |       |       |       |       |     1 ||     1
 Cast: Magic Dart        |    33 |    27 |    83 |   105 |   134 |   344 |   107 ||   833
       Searing Ray       |    14 |    16 |    86 |    84 |    98 |     6 |     6 ||   310
       Iskenderun's Myst |       |       |       |    50 |   102 |    94 |   102 ||   348
       Freezing Cloud    |       |       |       |       |   144 |   159 |    81 ||   384
       Summon Lightning  |       |       |       |       |     4 |    35 |    18 ||    57
       Fulminant Prism   |       |       |       |       |     2 |       |       ||     2
       Blink             |       |       |       |       |     1 |       |       ||     1
       Iron Shot         |       |       |       |       |    63 |    83 |    99 ||   245
       Shock             |       |       |       |       |     1 |    17 |   177 ||   195
       Dragon Form       |       |       |       |       |       |       |     1 ||     1
       Ignition          |       |       |       |       |       |       |     2 ||     2
Invok: Recall Ancestor   |       |       |       |     2 |       |     1 |     2 ||     5
       Ancestor Life: Kn |       |       |       |     1 |       |       |       ||     1
       Ancestor Identity |       |       |       |     1 |       |       |       ||     1
 Abil: Evoke Invisibilit |       |       |       |       |       |     1 |       ||     1
       Breathe Fire      |       |       |       |       |       |       |     2 ||     2
Evoke: Wand              |       |       |       |       |       |       |     1 ||     1
  Use: Scroll            |       |     3 |    11 |    12 |    10 |     1 |     9 ||    46
       Potion            |       |       |       |     2 |     1 |       |     5 ||     8
 Stab: Sleeping          |       |       |     2 |     4 |     2 |       |       ||     8
       Paralysed         |       |       |       |       |       |       |     2 ||     2
Armor: Robe              |     6 |     3 |       |       |       |       |       ||     9
       Leather armour    |       |     4 |    17 |       |       |       |       ||    21
       Ring mail         |       |       |    12 |    39 |    40 |    31 |    94 ||   216
       Skin              |       |       |       |       |       |       |     4 ||     4
Dodge: Dodged            |    14 |     8 |    38 |    54 |    25 |    51 |   128 ||   318
Block: Buckler           |       |       |       |    17 |     1 |       |       ||    18
       Kite shield       |       |       |       |       |    25 |    64 |    75 ||   164

Levels and vault maps discovered:
D:1:      saegor_arrival_fortress, layout_basic, serial_glass, glass_columns_b,
          glass_columns_b, glass_columns_a, glass_columns_b, glass_columns_c,
          hellmonk_ecumenical_altar_zigzags
D:2:      layout_basic, uniq_sigmund
D:3:      layout_rooms
D:4:      layout_rooms, minmay_unequal
D:5:      kennysheep_spiral_hall, layout_basic, lemuel_tele_altar,
          mainiacjoe_overflow_surrounded_room,
          lightli_ossuary_entry_decrepit_ruins, minmay_shop_enchanted_jewellery
D:6:      layout_basic, nicolae_hepliaklqana_monster_ancestors
D:7:      layout_rooms, nicolae_sif_muna_condensation, minitemple,
          uniq_crazy_yiuf_cottage
D:8:      layout_gridville, grunt_temple_overflow_champion_of_chaos,
          elyvilon_altar_1, lair_entry_dummy, special_room [special_room_orc]
D:9:      layout_basic
D:10:     layout_long_grid, cheibrodos_ashenzari_chains, minmay_crystal_water,
          uniq_urug, uniq_erica
D:11:     layout_rooms, orc_0_dummy, gauntlet_entry_generic
D:12:     layout_basic, minmay_puff
D:13:     layout_cave_pools, hangedman_vaults_entry_quadrant_bands,
          portal_ice_cave_entry_imps, uniq_azrael
D:14:     layout_roguey, uniq_nessos
D:15:     grunt_enter_depths_giant_problem, layout_cave_pools,
          minmay_misc_feat_diagonals, kennysheep_treasure_room
Temple:   compressed_dpeg_circular_temple
Lair:1:   layout_regular_city, chequers_serial_rivers_micro_c,
          grunt_megastairs_1, lemuel_fruit_tree
Lair:2:   nzn_winding_woodlands_three_and_one [nzn_winding_woodlands_5x15_cabin,
          nzn_winding_woodlands_5x15_twine,
          nzn_winding_woodlands_5x15_pathside_ponds,
          nzn_winding_woodlands_center_triple_pond], layout_gridlike,
          minmay_shoals_entry_lonely_mermaid, hellmonk_ghost_happy_afterlife,
          hangedman_lair_unloving_vines
Lair:3:   layout_cave_pods, st_stairs_11, serial_bayou_ford_a,
          serial_bayou_shore_b, uniq_gastronok
Lair:4:   layout_misc_corridors, minmay_snake_entry_guardpost_medium,
          eino_house_with_fridge
Lair:5:   layout_hall_layers, slime_altar_2
Lair:6:   grunt_lair_end_beastmaster, layout_small_grid, basic_altar,
          nzn_ghost_randoct, lemuel_fruit_fields, infiniplex_staircase_pool
Shoals:1: layout_shoals, ebering_ghost_rock_garden, uniq_roxanne
Shoals:2: argonaut_golden_fleece, layout_shoals
Shoals:3: layout_shoals, uniq_ilsuiw, uniq_polyphemus
Shoals:4: shoals_end_simple, layout_shoals, serial_shops, bzr_entry_customers
Snake:1:  cheibrodos_forgotten_conduit, layout_gridlike, serial_shops, shop,
          minmay_shop_grove
Snake:2:  layout_misc_corridors, grunt_ministairs_11
Snake:3:  layout_chambers, basic_altar, nicolae_shop_self_help, uniq_mlioglotl,
          uniq_agnes
Snake:4:  snake_pit, layout_misc_corridors, drop_trap,
          nicolae_snake_scaly_snakehead
Orc:1:    layout_caves, serial_shops, shop, basic_altar, bh_open_orc_temple
Orc:2:    kennysheep_orc_mage_school, layout_caves, serial_shops,
          nicolae_shop_statue_plus
Vaults:1: st_star, vaults_room_grid, v_misc_30, vaults_room_stairs_pillars,
          v_misc_22, nicolae_vaults_stairing_the_circle, v_misc_9, v_misc_29,
          vaults_room_pools, v_misc_24, grunt_vaults_swirl, v_misc_27,
          vaults_room_pool, layout_vaults_omnibox

Notes
Turn   | Place    | Note
-------+----------+-------------------------------------------
     0 | D:1      | mortz the Djinni Conjurer began the quest for the Orb.
     0 | D:1      | Reached XP level 1. HP: 15/15 MP: 0/0
     0 | D:1      | magus.rc [v1.9.6]
   210 | D:1      | Reached XP level 2. HP: 18/21 MP: 0/0
   411 | D:1      | Reached XP level 3. HP: 24/25 MP: 0/0
   411 | D:1      | Learned a level 1 spell: Shock
   505 | D:1      | Found a faded altar of an unknown god.
   598 | D:1      | Reached skill level 4 in Spellcasting
   854 | D:2      | Reached XP level 4. HP: 26/31 MP: 0/0
   878 | D:2      | Noticed Sigmund
   884 | D:2      | Killed Sigmund
   885 | D:2      | Reached skill level 2 in Stealth
   885 | D:2      | Reached skill level 5 in Spellcasting
   885 | D:2      | Reached XP level 5. HP: 28/35 MP: 0/0
   885 | D:2      | Learned a level 2 spell: Blink
   885 | D:2      | Reached XP level 6. HP: 32/40 MP: 0/0
  1492 | D:3      | Noticed an ogre
  1496 | D:3      | Killed an ogre
  1497 | D:3      | Reached skill level 3 in Dodging
  1638 | D:3      | Reached skill level 3 in Stealth
  1638 | D:3      | Reached XP level 7. HP: 43/45 MP: 0/0
  1638 | D:3      | Learned a level 3 spell: Lesser Beckoning
  1889 | D:4      | Identified the +3 ring mail of Nulaeguj {rC- rN+ Int+4
                  | Dex+2}
  2111 | D:4      | Reached skill level 6 in Spellcasting
  2113 | D:4      | Reached skill level 1 in Armour
  2228 | D:4      | Reached XP level 8. HP: 38/51 MP: 0/0
  2419 | D:5      | Entered Level 5 of the Dungeon
  2566 | D:5      | Found a blossoming altar of Fedhas.
  2603 | D:5      | Found a sand-covered staircase.
  2607 | Ossuary  | Entered an ossuary
  2628 | Ossuary  | Reached skill level 4 in Stealth
  2629 | Ossuary  | Reached skill level 4 in Dodging
  2661 | Ossuary  | Reached skill level 2 in Armour
  2723 | Ossuary  | Reached skill level 1 in Fighting
  2873 | D:5      | Reached XP level 9. HP: 56/57 MP: 0/0
  2873 | D:5      | Learned a level 4 spell: Summon Lightning Spire
  2877 | D:5      | Reached skill level 7 in Spellcasting
  2975 | D:5      | Found a staircase to the Ecumenical Temple.
  2984 | Temple   | Entered the Ecumenical Temple
  3392 | D:5      | Found Puikhulu's Jewellery Shop.
  3413 | D:5      | Reached skill level 3 in Armour
  3627 | D:6      | Identified the +5 ring mail of Pathos {+Inv rPois Str+3}
  4101 | D:6      | Found a hazy altar of Hepliaklqana.
  4115 | D:6      | Became a worshipper of Hepliaklqana the Forgotten
  4187 | D:6      | Reached skill level 5 in Stealth
  4502 | D:6      | magus.rc [v1.9.6]
  4601 | D:7      | Found a bloodstained altar of Trog.
  4605 | D:7      | Found an ornate altar of the Wu Jian Council.
  4606 | D:7      | Found a stormy altar of Qazlal.
  4651 | D:7      | Reached skill level 4 in Armour
  4853 | D:7      | Reached skill level 8 in Spellcasting
  4864 | D:7      | Reached skill level 1 in Short Blades
  4933 | D:7      | Found a runed translucent door.
  4934 | D:7      | Noticed Crazy Yiuf
  4976 | D:8      | Reached XP level 10. HP: 53/64 MP: 0/0
  5073 | D:8      | Found a white marble altar of Elyvilon.
  5077 | D:8      | Reached * piety under Hepliaklqana
  5127 | D:8      | Reached skill level 5 in Armour
  5231 | D:8      | Found a burning altar of Makhleb.
  5232 | D:8      | Found a shimmering altar of Xom.
  5559 | D:8      | Reached skill level 2 in Fighting
  5559 | D:8      | Reached skill level 5 in Dodging
  5954 | D:8      | Found a staircase to the Lair.
  6225 | D:9      | Reached skill level 9 in Spellcasting
  6637 | D:9      | Noticed a centaur warrior
  6653 | D:9      | Killed a centaur warrior
  6654 | D:9      | Reached skill level 6 in Armour
  6752 | D:10     | Entered Level 10 of the Dungeon
  6776 | D:10     | Found a broken altar of Ashenzari.
  6800 | D:10     | Noticed Urug
  6804 | D:10     | Reached ** piety under Hepliaklqana
  6842 | D:9      | Remembered your ancestor glurtz as a knight
  6868 | D:10     | Killed Urug
  6871 | D:10     | T - a +2 vorpal double sword {longrare}
  6910 | D:10     | Reached skill level 1 in Shields
  6910 | D:10     | Reached XP level 11. HP: 44/62 MP: 0/0
  6910 | D:10     | Learned a level 5 spell: Summon Forest
  7035 | D:10     | Reached skill level 10 in Spellcasting
  7073 | D:10     | Noticed a two-headed ogre
  7080 | D:10     | Killed a two-headed ogre
  7194 | D:10     | Noticed Erica
  7207 | D:10     | Killed Erica
  7242 | D:10     | Reached skill level 7 in Armour
  7307 | D:10     | Reached skill level 2 in Shields
  7310 | D:10     | Reached skill level 11 in Spellcasting
  7963 | D:7      | Killed Crazy Yiuf
  8044 | Lair:1   | Entered Level 1 of the Lair of Beasts
  8076 | Lair:1   | Reached skill level 3 in Fighting
  8338 | Lair:1   | Reached XP level 12. HP: 64/68 MP: 0/0
  8436 | Lair:1   | Reached skill level 6 in Dodging
  8961 | Lair:2   | Found a runed translucent door.
  8961 | Lair:2   | Noticed Muskoefi's ghost (journeyman HOMo)
  8967 | Lair:2   | Reached *** piety under Hepliaklqana
  8983 | Lair:2   | Noticed a boulder beetle
  8994 | Lair:2   | Reached skill level 12 in Spellcasting
  9047 | Lair:2   | Killed a boulder beetle
  9048 | Lair:2   | Reached skill level 1 in Invocations
  9061 | Lair:2   | Found a staircase to the Shoals.
  9081 | Lair:2   | Reached skill level 3 in Shields
  9177 | Lair:2   | Reached skill level 2 in Invocations
  9207 | Lair:2   | Noticed a death yak
  9265 | Lair:2   | Noticed a seven-headed hydra
  9272 | Lair:2   | Killed a seven-headed hydra
  9450 | Lair:2   | Killed a death yak
 10021 | Lair:3   | Reached XP level 13. HP: 68/73 MP: 0/0
 10021 | Lair:3   | Learned a level 5 spell: Freezing Cloud
 10027 | Lair:3   | Reached skill level 7 in Dodging
 10030 | Lair:3   | Reached skill level 3 in Invocations
 10271 | Lair:3   | Noticed Gastronok
 10284 | Lair:3   | Killed Gastronok
 10285 | Lair:3   | Reached skill level 13 in Spellcasting
 10392 | Lair:3   | Noticed a six-headed hydra
 10400 | Lair:3   | Killed a six-headed hydra
 10401 | Lair:3   | Reached skill level 8 in Armour
 10502 | Lair:3   | Reached **** piety under Hepliaklqana
 11001 | Lair:4   | Reached skill level 4 in Invocations
 11355 | Lair:4   | Reached skill level 5 in Invocations
 11389 | Lair:4   | Found a staircase to the Snake Pit.
 11499 | Lair:4   | Reached skill level 14 in Spellcasting
 11504 | Lair:4   | Reached skill level 9 in Armour
 11765 | Lair:4   | magus.rc [v1.9.6]
 11794 | Lair:5   | Reached XP level 14. HP: 66/78 MP: 0/0
 11888 | Lair:5   | Found a runed translucent door.
 11888 | Lair:5   | Found a viscous altar of Jiyva.
 11889 | Lair:5   | Found a staircase to the Slime Pits.
 12240 | Lair:5   | Reached ***** piety under Hepliaklqana
 12418 | Lair:6   | Entered Level 6 of the Lair of Beasts
 12469 | Lair:6   | Found a transporter.
 12471 | Lair:6   | Found a transporter.
 12592 | Lair:6   | Reached skill level 6 in Invocations
 12805 | Lair:6   | Reached skill level 15 in Spellcasting
 12967 | Lair:6   | magus.rc [v1.9.6]
 13441 | Lair:6   | Found an opulent altar of Gozag.
 13680 | Lair:6   | Noticed a dire elephant
 13688 | Lair:6   | Killed a dire elephant
 13689 | Lair:6   | Reached skill level 7 in Invocations
 13814 | Lair:6   | Noticed Whoops's ghost (adept FoFi)
 14155 | D:11     | Reached XP level 15. HP: 77/82 MP: 0/0
 14155 | D:11     | Learned a level 6 spell: Iron Shot
 14415 | D:11     | Found a gate leading to a gauntlet.
 14425 | Gauntlet | Entered a Gauntlet
 14425 | Gauntlet | Found a transporter.
 14425 | Gauntlet | Found a transporter.
 14432 | Gauntlet | Found a transporter.
 14445 | Gauntlet | Found a transporter.
 14469 | Gauntlet | Found a transporter.
 14478 | Gauntlet | Found a transporter.
 14572 | Gauntlet | Found a transporter.
 14582 | Gauntlet | Found a transporter.
 14598 | Gauntlet | Found a transporter.
 14610 | Gauntlet | Found a transporter.
 14626 | Gauntlet | Found a transporter.
 14699 | Gauntlet | Found a transporter.
 14703 | Gauntlet | Found a transporter.
 14714 | Gauntlet | Found a transporter.
 14720 | Gauntlet | Found a transporter.
 14721 | Gauntlet | Found a transporter.
 14778 | Gauntlet | Identified the ring "Sumet" {Will++ rCorr Str+3}
 14902 | Gauntlet | magus.rc [v1.9.6]
 14910 | Gauntlet | Reached skill level 6 in Stealth
 14939 | Gauntlet | Identified the ring "Ehaorch" {rPois MP+9 Str+5}
 15016 | Gauntlet | Identified the +7 fustibalus of Dawn {vorpal, rElec rF++
                  | rC+ Str-3}
 15084 | D:11     | Reached skill level 4 in Shields
 15275 | D:11     | Found a staircase to the Orcish Mines.
 16086 | D:12     | Reached skill level 16 in Spellcasting
 16437 | D:12     | Reached skill level 8 in Invocations
 16593 | Orc:1    | Entered Level 1 of the Orcish Mines
 16689 | Orc:2    | Entered Level 2 of the Orcish Mines
 16742 | Orc:2    | Found Tuckofaq's Assorted Antiques.
 17264 | Orc:2    | Found Hiafil's Jewellery Emporium.
 17358 | Orc:2    | Found Xutteuvu's Antique Weapon Emporium.
 17358 | Orc:2    | Found Poutel's Antique Armour Shoppe.
 17415 | Orc:2    | Bought a shiny helmet for 202 gold pieces
 17417 | Orc:2    | You drop a +2 vorpal double sword {longrare}.
 17474 | Orc:2    | Found Faixaom's Magic Scroll Shoppe.
 17482 | Orc:2    | Bought a scroll of holy word for 105 gold pieces
 17482 | Orc:2    | Bought a scroll of immolation for 49 gold pieces
 17482 | Orc:2    | Bought a scroll of teleportation for 42 gold pieces
 17482 | Orc:2    | Bought a scroll of magic mapping for 49 gold pieces
 17482 | Orc:2    | Bought a scroll of enchant armour for 105 gold pieces
 17524 | Orc:2    | Noticed an orc warlord
 17592 | Orc:2    | magus.rc [v1.9.6]
 17624 | Orc:2    | Killed an orc warlord
 17738 | Orc:2    | Found a staircase to the Elven Halls.
 17913 | Orc:2    | magus.rc [v1.9.6]
 17914 | Orc:1    | Found Saonyf Lato's Antique Armour Shop.
 17929 | Orc:1    | Noticed an orc warlord
 17930 | Orc:1    | HP: 17/82 [orc priest/divine providence[an orc warlord]
                  | (9)]
 17931 | Orc:1    | HP: 1/82 [orc priest/divine providence[an orc warlord]
                  | (17)]
 18069 | Orc:1    | Killed an orc warlord
 18195 | Orc:1    | Reached ****** piety under Hepliaklqana
 18614 | Orc:1    | Bought a runed scarf for 264 gold pieces
 18727 | D:13     | Reached XP level 16. HP: 71/89 MP: 0/0
 18916 | D:13     | Reached skill level 10 in Armour
 18921 | D:13     | Reached skill level 9 in Invocations
 19083 | D:13     | magus.rc [v1.9.6]
 19130 | D:13     | Reached skill level 17 in Spellcasting
 19217 | D:13     | Found a gate to the Vaults.
 19286 | D:13     | Found a frozen archway.
 19297 | D:13     | Noticed Azrael
 19303 | D:13     | Killed Azrael
 19979 | D:14     | Noticed Nessos
 19986 | D:14     | Killed Nessos
 20569 | D:15     | Entered Level 15 of the Dungeon
 20569 | D:15     | Found a runed translucent door.
 20817 | D:15     | Found a staircase to the Depths.
 20887 | D:15     | Noticed a storm dragon
 21307 | Snake:1  | Entered Level 1 of the Snake Pit
 21421 | Snake:1  | Found Juvotz's Jewellery Shoppe.
 21421 | Snake:1  | Found Adeinumi's Book Boutique.
 21422 | Snake:1  | Found Oxtan's Jewellery Shoppe.
 21432 | Snake:1  | Bought the ring of Utwiv {rC+ EV+4 Str+5 Int+2 SInv} for
                  | 964 gold pieces
 21456 | Snake:1  | Reached skill level 18 in Spellcasting
 21584 | Snake:1  | Reached skill level 4 in Fighting
 21629 | Snake:1  | Reached XP level 17. HP: 65/92 MP: 0/0
 21629 | Snake:1  | Learned a level 6 spell: Simulacrum
 22016 | Snake:1  | Found Cin Emav's Antique Weapon Shoppe.
 22522 | Snake:2  | Reached skill level 5 in Shields
 22666 | Snake:2  | magus.rc [v1.9.6]
 22918 | Snake:2  | Reached skill level 19 in Spellcasting
 23351 | Snake:3  | Reached skill level 1 in Evocations
 23445 | Snake:3  | Found Vucory's Self-Improvement Boutique.
 23485 | Snake:3  | magus.rc [v1.9.6]
 23998 | Snake:3  | Noticed Mlioglotl
 24001 | Snake:3  | Killed Mlioglotl
 24400 | Snake:3  | Found a basalt altar of Yredelemnul.
 24401 | Snake:3  | Noticed Agnes
 24407 | Snake:3  | Killed Agnes
 24614 | Snake:4  | Entered Level 4 of the Snake Pit
 24626 | Snake:4  | Reached XP level 18. HP: 93/99 MP: 0/0
 25071 | Snake:4  | Reached skill level 20 in Spellcasting
 25213 | Snake:4  | HP: 14/99 [shock serpent/bolt of electricity (25)]
 25839 | Snake:4  | Got a serpentine rune of Zot
 26015 | Snake:4  | Reached skill level 11 in Armour
 26024 | Snake:4  | Reached skill level 8 in Dodging
 26117 | Snake:4  | Reached skill level 6 in Shields
 26138 | Snake:4  | Reached XP level 19. HP: 53/102 MP: 0/0
 26138 | Snake:4  | Learned a level 7 spell: Dragon Form
 26458 | Snake:4  | Reached skill level 21 in Spellcasting
 26832 | Lair:4   | magus.rc [v1.9.6]
 26905 | Shoals:1 | Entered Level 1 of the Shoals
 26905 | Shoals:1 | Noticed Roxanne
 26909 | Shoals:1 | Killed Roxanne
 26954 | Lair:2   | magus.rc [v1.9.6]
 27137 | Shoals:1 | Found a runed translucent gate.
 27137 | Shoals:1 | Found a runed translucent gate.
 27137 | Shoals:1 | Found a runed translucent gate.
 27141 | Shoals:1 | Noticed turdburglar's ghost (journeyman MfGl)
 27151 | Shoals:1 | HP: 19/102 [merfolk javelineer/silver javelin (12)]
 27731 | Shoals:1 | Identified the +2 ring mail "Tiazxal" {Regen+}
 28240 | Shoals:2 | You are sucked into a shaft and drop 1 floor!
 28981 | Shoals:2 | Identified the +0 animal skin "Puwnuvyl" {*Slow rPois rF+}
 29008 | Shoals:3 | Noticed Ilsuiw
 29022 | Shoals:3 | Killed Ilsuiw
 29222 | Shoals:3 | Noticed Polyphemus
 29246 | Shoals:3 | Killed Polyphemus
 29442 | Shoals:3 | Identified the +1 scale mail of the Orb {Str+4 Slay+3}
 29903 | Shoals:4 | Entered Level 4 of the Shoals
 29914 | Shoals:4 | HP: 25/102 [wind drake/the air (18)]
 30018 | Shoals:4 | HP: 17/102 [merfolk impaler/+1 vampiric trident (15)]
 30074 | Shoals:4 | Reached skill level 22 in Spellcasting
 30077 | Shoals:4 | Reached XP level 20. HP: 50/108 MP: 0/0
 30234 | Shoals:4 | Identified a +2 robe of the Archmagi
 30236 | Shoals:4 | Found a flickering gateway to a bazaar.
 30240 | Shoals:4 | Reached skill level 7 in Shields
 30256 | Bazaar   | Entered a bazaar
 30277 | Bazaar   | Found Mosoug's Antique Weapon Boutique.
 30297 | Bazaar   | Found Rofoutyo's Armour Shop.
 30312 | Bazaar   | Found Ygofiufi's Armour Shoppe.
 30313 | Bazaar   | Found Koqet Wog's Book Boutique.
 30547 | Shoals:4 | HP: 26/108 [merfolk javelineer/silver javelin (22)]
 30555 | Shoals:4 | HP: 19/108 [merfolk javelineer/silver javelin (14)]
 31023 | Shoals:4 | Identified the +0 chain mail of Pleasant Breezes {*Slow
                  | rF++ Regen+ rCorr}
 31150 | Shoals:4 | Got a barnacled rune of Zot
 31151 | Shoals:4 | magus.rc [v1.9.6]
 31565 | Vaults:1 | Entered Level 1 of the Vaults
 31968 | Vaults:1 | HP: 22/108 [tengu reaver/bolt of cold (30)]
 32355 | Vaults:1 | magus.rc [v1.9.6]
 32587 | Vaults:1 | Reached skill level 23 in Spellcasting
 33112 | Vaults:1 | Reached skill level 9 in Dodging
 33112 | Vaults:1 | Reached XP level 21. HP: 69/113 MP: 0/0
 33112 | Vaults:1 | Learned a level 8 spell: Ignition
 33112 | Vaults:1 | HP: 28/113 [centaur warrior/arrow (12)]
 33113 | Vaults:1 | Engulfed by a cloud of freezing vapour

Vanquished Creatures
  Polyphemus (Shoals:3)
  Gastronok (Lair:3)
  A kraken (Shoals:3)
  A tengu reaver (Vaults:1)
  Roxanne (Shoals:1)
  7 nagarajas
  4 orc warlords
  A vault warden (Vaults:1)
  6 ironbound preservers (Vaults:1)
  2 very ugly things (Vaults:1)
  An ironbound thunderhulk (Vaults:1)
  A stone giant (Vaults:1)
  Nessos (D:14)
  Azrael (D:13)
  4 dire elephants
  A minotaur (Gauntlet)
  7 merfolk impalers (Shoals:4)
  3 merfolk javelineers
  2 yaktaur captains (Vaults:1)
  6 hydras
  22 naga warriors
  3 boulder beetles
  2 fire dragons (Shoals:2)
  A rakshasa (D:12)
  A salamander tyrant (Snake:4)
  3 merfolk avatars (Shoals:4)
  2 catoblepae
  5 ogre magi
  14 anacondas
  6 centaur warriors
  2 alligator snapping turtles (Shoals:4)
  9 two-headed ogres
  2 merfolk aquamancers
  2 death knights
  An orc high priest (Orc:1)
  7 death yaks
  2 tengu warriors (D:14)
  13 naga sharpshooters
  Urug (D:10)
  8 shock serpents
  A soul eater (Gauntlet)
  6 salamander mystics
  A fire crab (shapeshifter) (D:15)
  2 skeletal warriors
  8 sea snakes
  19 deep trolls (Vaults:1)
  5 naga ritualists
  3 ironbound convokers (Vaults:1)
  3 wizards
  A phantasmal warrior (D:14)
  A necromancer (Lair:4)
  4 orc knights
  4 harpies
  6 fauns
  21 mana vipers
  3 cyclopes
  6 orc sorcerers
  10 salamanders
  3 deep elf pyromancers
  8 ugly things
  6 merfolk sirens
  9 manticores
  3 centaur zombies
  12 elephants
  3 vault sentinels (Vaults:1)
  37 black mambas
  2 guardian serpents
  7 naga magi
  5 water nymphs
  2 gargoyles
  4 cane toads
  2 kobold demonologists (D:11)
  An efreet (D:14)
  8 yaktaurs
  2 freezing wraiths
  8 komodo dragons
  A troll (shapeshifter) (D:15)
  24 merfolk
  4 wind drakes (Shoals:3)
  A tyrant leech (Gauntlet)
  5 polar bears
  A hornet (D:10)
  2 trolls
  A blink frog (shapeshifter) (D:15)
  5 slime creatures
  12 dream sheep
  5 snapping turtles
  Sigmund (D:2)
  8 blink frogs
  A meliai zombie (D:11)
  5 water elementals
  5 wraiths
  41 yaks
  7 wyverns
  A fire elemental (D:13)
  A vampire (D:12)
  3 shadows
  7 basilisks
  A steam dragon (Lair:4)
  4 swamp worms (Gauntlet)
  6 wargs
  5 vampire mosquitoes
  2 hell hounds (D:13)
  An acid dragon (D:12)
  7 water moccasins
  25 nagas
  5 sky beasts
  25 orc warriors
  3 black bears
  3 necrophages
  12 ogres
  8 boggarts
  7 centaurs
  9 wolves
  2 phantoms
  4 kobold brigands
  9 bullfrogs
  2 gnoll sergeants
  A scorpion (D:7)
  4 water moccasin zombies (Ossuary)
  A hornet simulacrum (D:15)
  3 killer bees (D:8)
  8 howler monkeys
  6 electric eels (D:12)
  18 orc priests
  2 hounds
  A jelly (D:5)
  Crazy Yiuf (D:7)
  3 iguanas
  29 orc wizards
  5 yak simulacra (Lair:4)
  A polar bear simulacrum (Lair:4)
  3 wolf simulacra (Lair:4)
  2 mummies (Ossuary)
  A howler monkey zombie (D:6)
  7 adders
  13 gnolls
  4 shadow imps
  5 white imps
  An ufetubus (D:4)
  7 adder zombies (Ossuary)
  3 adder skeletons (D:4)
  4 worms
  3 dart slugs
  96 orcs
  3 bats
  3 endoplasms
  6 giant cockroaches
  2 gnoll zombies (Ossuary)
  10 goblins
  4 hobgoblins
  23 jackals
  17 kobolds
  4 quokkas
  6 ball pythons
  3 frilled lizards
  5 hobgoblin zombies (Ossuary)
  10 kobold zombies (Ossuary)
  4 orc zombies (Ossuary)
  5 rats
  A river rat simulacrum (Lair:4)
  A spectral kobold (D:6)
1004 creatures vanquished.

Vanquished Creatures (collateral kills)
  Mlioglotl (Snake:3)
  A sphinx (Vaults:1)
  Agnes (Snake:3)
  Ilsuiw (Shoals:3)
  A nagaraja (Snake:4)
  An ironbound preserver (Vaults:1)
  A stone giant (D:15)
  2 merfolk impalers (Shoals:4)
  5 naga warriors
  A boulder beetle (Lair:2)
  2 anacondas
  An alligator snapping turtle (Shoals:4)
  2 merfolk avatars
  A merfolk aquamancer (Shoals:4)
  Erica (D:10)
  5 death yaks
  A deep troll shaman (Lair:6)
  A deep troll earth mage (Vaults:1)
  6 naga sharpshooters
  4 two-headed ogres
  A salamander mystic (Snake:4)
  3 deep trolls (Vaults:1)
  2 sea snakes (Shoals:4)
  2 naga ritualists (Snake:4)
  2 phantasmal warriors
  A lindwurm (Vaults:1)
  An orc knight (Vaults:1)
  2 mana vipers (Snake:4)
  A harpy (Shoals:2)
  2 orc sorcerers (Orc:2)
  2 manticores (Shoals:4)
  6 fauns
  A salamander (Snake:4)
  4 cyclopes
  3 ugly things
  8 merfolk sirens
  A vault sentinel (Vaults:1)
  7 elephants
  2 naga magi
  10 black mambas
  A water nymph (Shoals:4)
  A guardian serpent (Snake:4)
  3 cane toads
  2 yaktaurs
  9 komodo dragons
  An unseen horror (D:11)
  A freezing wraith (D:13)
  5 merfolk
  2 wind drakes
  6 snapping turtles
  5 slime creatures
  6 dream sheep
  A wyvern (Lair:6)
  2 water elementals
  A vampire (D:10)
  12 yaks
  4 basilisks
  5 vampire mosquitoes
  7 nagas
  5 water moccasins
  A hell hound (D:13)
  A black bear (Lair:2)
  3 orc warriors
  2 ogres (D:13)
  A boggart (Vaults:1)
  2 wolves (Lair:1)
  2 centaurs
  3 kobold brigands
  6 bullfrogs
  An electric eel (D:12)
  A crimson imp (D:8)
  2 jellies (Lair:5)
  2 orc priests
  6 orc wizards
  A yak simulacrum (Lair:4)
  A killer bee zombie (D:9)
  A shadow imp (Gauntlet)
  8 white imps (D:13)
  4 orcs
  An endoplasm (Lair:5)
  2 goblins (Shoals:4)
  A kobold (D:10)
  A bush (Shoals:2)
  A tentacle (Shoals:3)
233 creatures vanquished.

Vanquished Creatures (others)
  A centaur warrior (Vaults:1)
  A manticore (Shoals:4)
  2 merfolk
  2 ancestors
  17 knights
  2 fulminant prisms (Lair:4)
  17 fungi
  45 plants
  8 tentacles (Shoals:3)
  13 withered plants (Gauntlet)
108 creatures vanquished.

Grand Total: 1345 creatures vanquished

Table legend:
 A = Non-vault XP
 B = Vault XP
 C = Vault XP percentage of total XP
 D = Non-vault monster count
 E = Vault monster count
 F = Vault count percentage of total count
                 A         B        C        D         E       F
            +---------+---------+-------+---------+---------+-------
      Total |  245086 |  172137 |  41.3 |     838 |     401 |  32.4
            +---------+---------+-------+---------+---------+-------
        D:1 |      59 |       0 |   0.0 |      33 |       0 |   0.0
        D:2 |      61 |     231 |  79.1 |      18 |       1 |   5.3
        D:3 |     301 |       0 |   0.0 |      22 |       0 |   0.0
        D:4 |     349 |     126 |  26.5 |      29 |       3 |   9.4
        D:5 |     767 |     177 |  18.8 |      13 |       4 |  23.5
        D:6 |     353 |       3 |   0.8 |       8 |       2 |  20.0
        D:7 |    1062 |      41 |   3.7 |      14 |       1 |   6.7
        D:8 |     806 |     146 |  15.3 |      17 |      21 |  55.3
        D:9 |    1889 |       0 |   0.0 |      12 |       0 |   0.0
       D:10 |    4325 |    1608 |  27.1 |      21 |       2 |   8.7
       D:11 |    6141 |       0 |   0.0 |      30 |       0 |   0.0
       D:12 |    6656 |     600 |   8.3 |      24 |       2 |   7.7
       D:13 |    7418 |    7506 |  50.3 |      20 |      37 |  64.9
       D:14 |    9237 |    1056 |  10.3 |      19 |       1 |   5.0
       D:15 |   11641 |    1097 |   8.6 |      19 |       1 |   5.0
     Lair:1 |    3988 |     566 |  12.4 |      21 |       3 |  12.5
     Lair:2 |    4606 |    4320 |  48.4 |      17 |      11 |  39.3
     Lair:3 |    4209 |    1745 |  29.3 |      12 |       3 |  20.0
     Lair:4 |   11432 |    1886 |  14.2 |      35 |      18 |  34.0
     Lair:5 |    9415 |      90 |   0.9 |      28 |       5 |  15.2
     Lair:6 |    9354 |    7840 |  45.6 |      34 |      17 |  33.3
   Shoals:1 |   11888 |    1371 |  10.3 |      24 |       1 |   4.0
   Shoals:2 |    8189 |    1780 |  17.9 |      20 |       2 |   9.1
   Shoals:3 |   11162 |    8171 |  42.3 |      23 |      10 |  30.3
   Shoals:4 |   17934 |   22091 |  55.2 |      44 |      43 |  49.4
    Snake:1 |    7896 |    5215 |  39.8 |      16 |       9 |  36.0
    Snake:2 |   22339 |    1021 |   4.4 |      37 |       2 |   5.1
    Snake:3 |   18409 |    3218 |  14.9 |      34 |       2 |   5.6
    Snake:4 |   25192 |   47531 |  65.4 |      45 |      65 |  59.1
      Orc:1 |    6936 |    1080 |  13.5 |      74 |       4 |   5.1
      Orc:2 |    3655 |    7262 |  66.5 |      44 |      34 |  43.6
   Vaults:1 |   17417 |   40833 |  70.1 |      31 |      50 |  61.7
    Ossuary |       0 |     404 | 100.0 |       0 |      34 | 100.0
   Gauntlet |       0 |    3122 | 100.0 |       0 |      13 | 100.0
            +---------+---------+-------+---------+---------+-------

Illustrated notes

Table legend:
 A = Kills in this place as a percentage of kills in entire the game.
 B = Kills by you in this place as a percentage of kills by you in the entire game.
 C = Kills by friends in this place as a percentage of kills by friends in the entire game.
 D = Other kills in this place as a percentage of other kills in the entire game.
 E = Experience gained in this place as a percentage of experience gained in the entire game.
 F = Experience gained in this place divided by the number of levels of this place that you have seen.
                   A       B       C       D       E      F
               +-------+-------+-------+-------+-------+----------------------
         Total | 100.0 | 100.0 | 100.0 | 100.0 | 100.0 | 11589.5
       Dungeon |  30.2 |  31.9 |  23.4 |   0.0 |  15.3 | 4243.7
          Lair |  16.5 |  14.2 |  26.4 |   0.0 |  14.2 | 9908.5
        Shoals |  13.5 |  11.1 |  22.9 |  75.0 |  19.8 | 20646.5
     Snake Pit |  16.9 |  17.0 |  16.9 |   0.0 |  31.4 | 32705.2
  Orcish Mines |  12.6 |  14.3 |   5.2 |   0.0 |   4.5 | 9466.5
        Vaults |   6.5 |   6.9 |   4.8 |  25.0 |  14.0 | 58250.0
       Ossuary |   2.7 |   3.4 |   0.0 |   0.0 |   0.1 | 404.0
      Gauntlet |   1.0 |   1.2 |   0.4 |   0.0 |   0.7 | 3122.0
               +-------+-------+-------+-------+-------+----------------------

Table legend: (Time is in decaauts)
 A = Elapsed time spent in this place.
 B = Non-inter-level travel time spent in this place.
 C = Inter-level travel time spent in this place.
 D = Time resting spent in this place.
 E = Time spent auto-exploring this place.
 F = Levels seen in this place.
 G = Mean time per level.
                   A        B        C        D        E       F      G
               +--------+--------+--------+--------+--------+-----+--------+
         Total |  33177 |  30869 |   2308 |   1764 |  21448 |  36 |  921.6 |
       Dungeon |  12348 |  11086 |   1262 |    468 |   8269 |  15 |  823.2 |
        Temple |    182 |    168 |     14 |      0 |     65 |   1 |  182.0 |
          Lair |   6670 |   6143 |    527 |    320 |   4266 |   6 | 1111.7 |
        Shoals |   4001 |   3878 |    123 |    202 |   2548 |   4 | 1000.2 |
     Snake Pit |   5529 |   5277 |    252 |    394 |   3630 |   4 | 1382.2 |
  Orcish Mines |   2046 |   1952 |     94 |    163 |   1174 |   2 | 1023.0 |
        Vaults |   1524 |   1490 |     34 |    180 |   1002 |   1 | 1524.0 |
        Bazaar |     75 |     75 |      0 |      0 |     55 |   1 |   75.0 |
       Ossuary |    183 |    183 |      0 |     37 |     25 |   1 |  183.0 |
      Gauntlet |    613 |    613 |      0 |      0 |    414 |   1 |  613.0 |
               +--------+--------+--------+--------+--------+-----+--------+

Top non-repeatable levels by time:
 Snake:4: 1872 daAuts
  Lair:6: 1668 daAuts
 Snake:3: 1589 daAuts
Vaults:1: 1524 daAuts
   Orc:2: 1501 daAuts
  Lair:2: 1424 daAuts
    D:12: 1335 daAuts
     D:8: 1133 daAuts
Shoals:3: 1124 daAuts
     D:6: 1068 daAuts
    D:13: 1065 daAuts
 Snake:1: 1041 daAuts
 Snake:2: 1026 daAuts
  Lair:3: 1002 daAuts
Shoals:4: 994 daAuts
